 Dungeon Crawl Stone Soup version 0.31-a0-1626-g5cb510d322 (webtiles) character file.

Game seed: 261091586997563959

3203 case the Cleaver (level 9, -5/123 HPs)
             Began as a Minotaur Berserker on Jan 12, 2024.
             Was a High Priest of Trog.
             Slain by a vampire
             ... wielding a +1 vampiric halberd
              (12 damage)
             ... in a bailey.
             The game lasted 00:09:26 (4613 turns).

case the Cleaver (Minotaur Berserker)               Turns: 4613, Time: 00:09:27

Health: -5/123     AC:  9    Str: 26    XL:     9   Next: 65%
Magic:  8/8        EV: 11    Int:  4    God:    Trog [*****.]
Gold:   222        SH:  5    Dex: 10    Spells: 8/8 levels left

rFire   . . .        d - +1 hand axe (elec)
rCold   + . .        x - +0 buckler
rNeg    . . .        l - +0 ring mail
rPois   .            (helmet restricted)
rElec   .            (no cloak)
rCorr   .            E - +0 pair of gloves
SInv    .            h - +0 pair of boots
Will    +....        (no amulet) Stlth
                     e - ring of protection from cold
HPRegen 0.40/turn    f - ring of willpower
MPRegen 0.11/turn

%: no passive effects
@: berserking, very quick
A: horns 2, retaliatory headbutt
a: Renounce Religion, Berserk, Trog's Hand, Brothers in Arms


You were in a bailey.
You worshipped Trog.
Trog was extremely pleased with you.
You visited 1 branch of the dungeon, and saw 7 of its levels.
You also visited: Bailey.

You collected 372 gold pieces.
You spent 150 gold pieces at shops.

Inventory:

Hand Weapons
 d - a +1 hand axe of electrocution (weapon)
 C - the +7 Throatcutter {drain, coup de grace}
   (You found it on level 5 of the Dungeon)
Missiles
 F - a throwing net (quivered)
Armour
 h - a +0 pair of boots (worn)
 l - a +0 ring mail (worn)
 x - a +0 buckler (worn)
 E - a +0 pair of gloves (worn)
Jewellery
 e - a ring of protection from cold (left hand)
 f - a ring of willpower (right hand)
 D - a ring of protection from fire
 H - a ring of fire
 I - a +6 ring of dexterity
Wands
 m - a wand of polymorph (16)
 s - a wand of iceblast (11)
 v - a wand of charming (5)
Scrolls
 a - a scroll of amnesia {unknown}
 b - 3 scrolls of enchant armour {unknown}
 c - 3 scrolls of vulnerability {unknown}
 k - a scroll of revelation
 o - 2 scrolls of immolation
 p - 2 scrolls of torment
 r - 2 scrolls of enchant weapon
 t - 3 scrolls of fear
 w - 6 scrolls of teleportation {unknown}
 y - a scroll of blinking {unknown}
 B - 4 scrolls of identify
Potions
 g - 2 potions of heal wounds {unknown}
 i - a potion of berserk rage {unknown}
 j - 7 potions of curing
 n - 2 potions of mutation {unknown}
 q - 3 potions of might {unknown}
 u - a potion of attraction {unknown}
 z - a potion of haste {unknown}
 A - a potion of lignification {unknown}
 G - a potion of enlightenment {unknown}


   Skills:
 * Level 8.6 Fighting
 + Level 14.3 Axes
 - Level 7.2 Armour
 - Level 2.1 Dodging
 - Level 5.6 Shields


You had 8 spell levels left.
You didn't know any spells.
Your spell library was empty.

Dungeon Overview and Level Annotations

Branches:
Dungeon (7/15)             Temple (0/1) D:5          Bailey (1/1)

Altars:
Ashenzari
Makhleb
Trog
Zin

Shops:
D:2 *   D:3 (!*(


Innate Abilities, Weirdness & Mutations

You have a pair of horns on your head.
You reflexively headbutt those who attack you in melee.


Message History

No target in view!
You recover from your berserk rage.
You open the large door.
There is a large open door here.
A vampire comes into view. It is wielding a +1 vampiric halberd.
Found a runed robe.
The vampire mumbles some strange words.
The vampire flickers and vanishes!
Deactivating autopickup; reactivate with Ctrl-A.
No target in view!
There is a strange disturbance nearby!
Found a phial of floods.
There is a large open door here.
Something hits you!! Something hits you! Something completely misses you.
You hit something. You headbutt something. You block something's attack.
Something bites you.
Something draws strength from your injuries!
You completely miss something. You hit something.
Lightning courses through something! Your headbutt misses something.
Something hits you! Something bites you.
Something draws strength from your injuries!
You closely miss something. You headbutt something. Something hits you!
Something bites you.
Something draws strength from your injuries!
You hit something but do no damage.
A red film seems to cover your vision as you go berserk!
You feel yourself moving faster!
You feel mighty! Something hits you.
* * * LOW HITPOINT WARNING * * *
Something bites you!
* * * LOW HITPOINT WARNING * * *
Something draws strength from your injuries!
You slash something! Something hits you!
* * * LOW HITPOINT WARNING * * *
Something bites you.
* * * LOW HITPOINT WARNING * * *
Something draws strength from your injuries!
You hit something but do no damage. You headbutt something.
You hit something but do no damage. Something hits you!
You die...

#8.. .8# #..# ..#
##########..## #..#
#8......8#...##...#
#8.......##......#
#######...##....##
#.....##...##''###
####+#......#.........#
#....#)....@{........8#
#....#...#....#########
#....'...##..##.....8#
#....'....####.......#
#....####...#.....♣..#
#....#..#........♣..#####
♣♣#'##'#..#.........♣.#.÷[#
♣♣....#....#......♣....#÷÷÷#
♣.....#....#...........#...#


There were no monsters in sight!

Vanquished Creatures
  A gargoyle (Bailey)
  A steam dragon (D:6)
  Duvessa (D:7)
  An ice beast (D:6)
  An orc warrior (D:6)
  A black bear (D:4)
  2 ogres (D:5)
  2 centaurs (D:6)
  A kobold brigand (D:6)
  Blork the orc (D:5)
  4 scorpions
  Dowan (D:7)
  6 killer bees (D:7)
  7 vampire bats (Bailey)
  2 howler monkeys
  7 wolf zombies (Bailey)
  2 jellies
  A bombardier beetle (D:3)
  A gnoll bouda (D:6)
  3 orc priests
  2 hounds
  2 sleepcaps
  A mummy (D:4)
  5 gnolls (D:6)
  6 adders
  A white imp (D:7)
  The ghost of ChongLi the Sneak, a weakling DsDe (D:5)
  2 dart slugs (D:2)
  6 ribbon worms
  24 orcs
  7 ball pythons
  5 endoplasms
  4 giant cockroaches
  12 goblins
  9 hobgoblins
  6 jackals
  5 quokkas
  3 bats
  4 frilled lizards (D:1)
  A hobgoblin zombie (D:4)
  10 kobolds
  A kobold zombie (D:4)
  22 orc zombies
  6 rats
191 creatures vanquished.

Notes
Turn   | Place    | Note
-------+----------+-------------------------------------------
     0 | D:1      | case the Minotaur Berserker began the quest for the Orb.
     0 | D:1      | Reached XP level 1. HP: 19/19 MP: 0/0
    68 | D:1      | Reached skill level 4 in Axes
    88 | D:1      | Reached XP level 2. HP: 26/26 MP: 1/1
   739 | D:2      | Reached skill level 5 in Axes
   745 | D:2      | Reached XP level 3. HP: 31/31 MP: 2/2
   862 | D:2      | Reached ** piety under Trog
   987 | D:2      | Reached skill level 6 in Axes
   987 | D:2      | Reached XP level 4. HP: 36/39 MP: 3/3
  1194 | D:2      | Found Hul Voll's General Store.
  1204 | D:2      | Bought a scroll of identify for 24 gold pieces
  1204 | D:2      | Bought a scroll of enchant weapon for 90 gold pieces
  1214 | D:2      | Reached skill level 11 in Axes
  1214 | D:2      | Reached XP level 5. HP: 53/53 MP: 4/4
  1329 | D:3      | Found Otisicet's Antique Weapon Shop.
  1423 | D:3      | Found Zin's Purification Station.
  1461 | D:3      | Found a glowing silver altar of Zin.
  1475 | D:3      | Found Etupa's Distillery.
  1493 | D:3      | Bought a potion of curing for 36 gold pieces
  1515 | D:3      | Reached *** piety under Trog
  1516 | D:3      | Reached XP level 6. HP: 61/61 MP: 5/5
  1595 | D:3      | Found Kipn's Weapon Emporium.
  1987 | D:4      | Reached skill level 1 in Shields
  2124 | D:4      | Reached skill level 12 in Axes
  2130 | D:4      | Reached XP level 7. HP: 67/67 MP: 6/6
  2400 | D:5      | Entered Level 5 of the Dungeon
  2432 | D:5      | Noticed Blork the orc
  2439 | D:5      | Killed Blork the orc
  2467 | D:5      | Found a staircase to the Ecumenical Temple.
  2552 | D:5      | Found the +7 Throatcutter {drain, coup de grace}
  2699 | D:5      | Found a burning altar of Makhleb.
  2759 | D:5      | Found a runed translucent gate.
  2759 | D:5      | Found a runed translucent gate.
  2760 | D:5      | Found a runed translucent gate.
  2765 | D:5      | Noticed ChongLi's ghost (weakling DsDe)
  2765 | D:5      | Identified the +2 hand axe of Dawn {drain, rN+}
  2973 | D:5      | Killed ChongLi's ghost
  2993 | D:5      | Reached **** piety under Trog
  3301 | D:6      | Noticed a steam dragon
  3310 | D:6      | Killed a steam dragon
  3311 | D:6      | Reached XP level 8. HP: 49/74 MP: 7/7
  3404 | D:6      | Reached skill level 13 in Axes
  3813 | D:6      | Found a bloodstained altar of Trog.
  3992 | D:7      | Found a broken altar of Ashenzari.
  4003 | D:7      | Reached skill level 5 in Shields
  4019 | D:7      | Reached XP level 9. HP: 62/80 MP: 8/8
  4115 | D:7      | Noticed Duvessa
  4115 | D:7      | Noticed Dowan
  4128 | D:7      | Killed Duvessa
  4132 | D:7      | Killed Dowan
  4132 | D:7      | Reached ***** piety under Trog
  4140 | D:7      | Found a flagged portal.
  4155 | Bailey   | Entered a bailey
  4377 | Bailey   | Reached skill level 14 in Axes
  4527 | Bailey   | Noticed a gargoyle
  4535 | Bailey   | Killed a gargoyle
  4613 | Bailey   | Slain by a vampire

Illustrated notes

Levels and vault maps discovered:
D:1:      minmay_arrival_plants_in_alcoves, layout_basic
D:2:      layout_rooms, serial_shops, nicolae_shop_statue_plus
D:3:      layout_rooms, zin_purify, serial_corexii_hall, corexii_hall_statues_l,
          corexii_hall_statues_l, serial_shops, nicolae_shop_statue_plus, shop,
          nicolae_shop_statue_plus, minmay_between
D:4:      layout_gridville, minmay_mini_ossuary
D:5:      layout_cave_pods, old_standard_altar, minmay_temple_entry_ruins,
          biasface_ghost_orc_armoury, hangedman_abyss_or_decor_passed,
          minmay_misc_feat_room, uniq_blork_the_orc
D:6:      layout_cave_pools, mainiacjoe_overflow_alcove_2, solitary_fountain,
          minmay_diced_spiral
D:7:      layout_basic, evilmike_ruin_ashenzari, enter_bailey_4, uniq_duvessa
Bailey:   bailey_polearm_vampire_castle_hellmonk, bailey

Skill      XL: |  1  2  3  4  5  6  7  8  9 |
---------------+----------------------------+-----
Axes           | 4 5 6 11 12 13 14 | 14.3
Fighting       | 7 8 |  8.6
Armour         | 7 |  7.2
Shields        | 1 3 5 |  5.6
Dodging        | |  2.1

Action                     |  1- 3 |  4- 6 |  7- 9 || total
---------------------------+-------+-------+-------++-------
  Melee: Hand axe          |    68 |    79 |   257 ||   404
         Headbutt          |     7 |    12 |    59 ||    78
 Invoke: Berserk           |       |       |     4 ||     4
    Use: Scroll            |       |     6 |     1 ||     7
         Potion            |       |     1 |       ||     1
   Stab: Sleeping          |     1 |       |       ||     1
 Armour: Animal skin       |    21 |       |       ||    21
         Ring mail         |    16 |    26 |   129 ||   171
  Dodge: Dodged            |    25 |    32 |   105 ||   162
  Block: Buckler           |       |     3 |    47 ||    50

Table legend: (Time is in decaauts)
 A = Elapsed time spent in this place.
 B = Non-inter-level travel time spent in this place.
 C = Inter-level travel time spent in this place.
 D = Time resting spent in this place.
 E = Time spent auto-exploring this place.
 F = Levels seen in this place.
 G = Mean time per level.
                   A        B        C        D        E       F      G
               +--------+--------+--------+--------+--------+-----+--------+
         Total |   4538 |   4398 |    140 |     88 |   3320 |   8 |  567.2 |
       Dungeon |   4106 |   3966 |    140 |      0 |   3097 |   7 |  586.6 |
        Bailey |    431 |    431 |      0 |     88 |    222 |   1 |  431.0 |
               +--------+--------+--------+--------+--------+-----+--------+

Top non-repeatable levels by time:
     D:5: 885 daAuts
     D:1: 734 daAuts
     D:6: 678 daAuts
     D:4: 602 daAuts
     D:3: 533 daAuts
     D:2: 508 daAuts
  Bailey: 431 daAuts
     D:7: 163 daAuts
